 Dungeon Sprint DCSS version 0.21.1-1-g345015f (webtiles) character file.

5000000 Fang the Axe Maniac (level 25, -39/257 HPs)
             Began as a Minotaur Gladiator on May 4, 2018.
             Was the Champion of Makhleb.
             Annihilated by a large bag of meat
             ... wielding a +9 giant spiked club
              (67 damage)
             ... in the Dungeon (Sprint VIII: "Arena of Blood").
             The game lasted 00:02:41 (50 turns).

Fang the Axe Maniac (Minotaur Gladiator)              Turns: 50, Time: 00:02:41

Health: -39/257    AC:  6    Str: 29    XL:     25   Next: 65%
Magic:  24/53      EV: 31    Int:  5    God:    Makhleb [******]
Gold:   0          SH:  0    Dex: 14    Spells: 78/78 levels left

rFire    . . .     SeeInvis .   l - +∞ Axe of Woe
rCold    . . .     Gourm    .   (shield currently unavailable)
rNeg     . . .     Faith    .   b - +0 leather armour
rPois    .         Spirit   .   c - +0 hat
rElec    .         Reflect  .   (no cloak)
rCorr    .         Harm     .   (no gloves)
MR       +....     NoTele   +   (no boots)
Stlth    +++++++++.             (no amulet)
HPRegen  0.52/turn              (no ring)
MPRegen  0.33/turn              (no ring)

@: no status effects
A: retaliatory headbutt, horns 2
a: Minor Destruction, Lesser Servant of Makhleb, Major Destruction, Greater
Servant of Makhleb, Renounce Religion


You were in the Dungeon.
You worshipped Makhleb.
Makhleb was exalted by your worship.
You were not hungry.

You visited 1 branch

Inventory:

Hand Weapons
 a - a +0 war axe
 l - the +∞ Axe of Woe (weapon)
   (You found it in the Dungeon)
Missiles
 d - 3 throwing nets (quivered)
Armour
 b - a +0 leather armour (worn)
 c - a +0 hat (worn)
Scrolls
 k - a scroll of blinking
Potions
 e - a potion of curing
 g - a potion of heal wounds
 h - a potion of haste
 i - 2 potions of magic
 j - a potion of berserk rage
Comestibles
 f - a ration


   Skills:
 O Level 27 Fighting
 O Level 27 Axes
 O Level 27 Throwing
 O Level 27 Armour
 O Level 27 Dodging
 O Level 27 Stealth
 O Level 27 Unarmed Combat
 O Level 27 Spellcasting
 O Level 27 Invocations


You had 78 spell levels left.
You didn't know any spells.

Dungeon Overview and Level Annotations

Branches:
Dungeon (1/1)

Altars:
Makhleb


Innate Abilities, Weirdness & Mutations

You reflexively headbutt those who attack you in melee.
You have a pair of horns on your head.


Message History

You hear a shout! x2
The destroyer blinks!
A two-headed ogre and a vampire knight come into view.
The destroyer is wielding a +9 great sword of slicing.
A sculptor of flesh comes into view. It is wielding a +9 great sword.
The corpses begin to drag themselves along the ground!
You hear a shout!
The destroyer hits you with a +9 great sword of slicing!!!!!
Ouch! That really hurt!
* * * LOW HITPOINT WARNING * * *
The destroyer bites you.
* * * LOW HITPOINT WARNING * * *
The destroyer draws strength from your injuries!
The crawling corpse is engulfed in blazing flames.
The crawling corpse is destroyed!
You hear a shout!
The bag of meat hits you with a +9 war axe!!
* * * LOW HITPOINT WARNING * * *
The large bag of meat hits you with a +9 giant spiked club!!!
You die...

. #... ...# .
...###... ...###...
........###........
#.......)§§........
.... #.))§x# .....
..... #_)§x_#......
......#§.§))#oo....
#.....))Xzx.oo.....
........###@Oooo...
...###.x..VOo###...
.. #.....x.# .V
#.....o.#
...o...OO.
......O..z.
.z.z.z.§...
..........##


You could see a destroyer, 5 sculptors of flesh, 3 large bags of meat, a large
abomination, 2 meat berserkers, 10 bags of meat and 5 crawling corpses.

Vanquished Creatures
  3 vampire knights (D)
  2 two-headed ogres (D)
  12 orcs (D)
  5 small abominations (D)
  A crawling corpse (D)
  21 ogres (D)
44 creatures vanquished.

Vanquished Creatures (others)
  A crawling corpse (D)
1 creature vanquished.

Grand Total: 45 creatures vanquished

Notes
Turn   | Place    | Note
-------+----------+-------------------------------------------
     0 | D        | Found the +∞ Axe of Woe
     0 | D        | Fang the Minotaur Gladiator began the quest for the Orb.
     0 | D        | Reached XP level 1. HP: 18/18 MP: 0/0
     2 | D        | Noticed a bag of meat
     3 | D        | Noticed a meat berserker
     3 | D        | Noticed a meat berserker
     4 | D        | Became a worshipper of Makhleb the Destroyer
     5 | D        | Killed a meat berserker
     5 | D        | Reached XP level 2. HP: 45/45 MP: 1/1
     5 | D        | Reached XP level 3. HP: 51/51 MP: 2/2
     5 | D        | Reached XP level 4. HP: 59/59 MP: 3/3
     5 | D        | Reached XP level 5. HP: 66/66 MP: 4/4
     5 | D        | Reached XP level 6. HP: 73/73 MP: 5/5
     5 | D        | Reached XP level 7. HP: 80/80 MP: 6/6
     5 | D        | Reached XP level 8. HP: 88/88 MP: 7/7
     5 | D        | Reached XP level 9. HP: 94/94 MP: 8/8
     5 | D        | Reached XP level 10. HP: 102/102 MP: 9/9
     5 | D        | Reached XP level 11. HP: 108/108 MP: 10/10
     5 | D        | Reached XP level 12. HP: 116/116 MP: 11/11
     5 | D        | Reached XP level 13. HP: 123/123 MP: 12/12
     6 | D        | Noticed a bag of meat
     7 | D        | Killed a meat berserker
     7 | D        | Reached * piety under Makhleb
     7 | D        | Reached XP level 14. HP: 61/137 MP: 13/13
     7 | D        | Killed a bag of meat
     7 | D        | Reached skill level 27 in Axes
     9 | D        | Noticed a meat berserker
     9 | D        | Killed a bag of meat
     9 | D        | Reached skill level 27 in Dodging
     9 | D        | Reached XP level 15. HP: 155/155 MP: 14/14
    10 | D        | Noticed a meat berserker
    11 | D        | Noticed a meat berserker
    11 | D        | Killed a meat berserker
    11 | D        | Reached ** piety under Makhleb
    13 | D        | Killed a meat berserker
    13 | D        | Reached skill level 27 in Fighting
    13 | D        | Reached XP level 16. HP: 183/183 MP: 15/15
    15 | D        | Killed a meat berserker
    15 | D        | Reached skill level 27 in Throwing
    15 | D        | Reached XP level 17. HP: 191/191 MP: 16/16
    17 | D        | Noticed a meat berserker
    17 | D        | Noticed a meat berserker
    17 | D        | Reached *** piety under Makhleb
    19 | D        | Noticed a meat berserker
    19 | D        | Killed a meat berserker
    19 | D        | Reached skill level 27 in Armour
    19 | D        | Reached XP level 18. HP: 200/200 MP: 17/17
    20 | D        | Reached **** piety under Makhleb
    22 | D        | Killed a meat berserker
    22 | D        | Reached skill level 15 in Invocations
    23 | D        | Noticed a meat berserker
    23 | D        | Killed a meat berserker
    23 | D        | Reached XP level 19. HP: 200/207 MP: 17/35
    25 | D        | Noticed a meat berserker
    25 | D        | Killed a meat berserker
    25 | D        | Reached skill level 15 in Spellcasting
    25 | D        | Reached ***** piety under Makhleb
    27 | D        | Noticed a large bag of meat
    27 | D        | Noticed a destroyer
    28 | D        | Noticed a meat berserker
    28 | D        | Killed a destroyer
    28 | D        | Reached XP level 20. HP: 216/216 MP: 18/40
    29 | D        | Noticed a meat berserker
    30 | D        | Noticed a large bag of meat
    30 | D        | Killed a large bag of meat
    32 | D        | Killed a meat berserker
    32 | D        | Reached skill level 27 in Unarmed Combat
    32 | D        | Killed a meat berserker
    32 | D        | Reached skill level 27 in Invocations
    32 | D        | Reached XP level 21. HP: 224/224 MP: 19/45
    33 | D        | Killed a large bag of meat
    33 | D        | Reached skill level 27 in Stealth
    35 | D        | Noticed a destroyer
    36 | D        | Killed a destroyer
    36 | D        | Reached ****** piety under Makhleb
    36 | D        | Reached skill level 27 in Spellcasting
    36 | D        | Reached XP level 22. HP: 140/233 MP: 20/52
    39 | D        | Noticed a destroyer
    40 | D        | Reached XP level 23. HP: 240/240 MP: 21/53
    41 | D        | Noticed a large bag of meat
    43 | D        | Reached XP level 24. HP: 249/249 MP: 22/53
    44 | D        | Noticed a large bag of meat
    45 | D        | Noticed a destroyer
    47 | D        | Reached XP level 25. HP: 257/257 MP: 23/53
    48 | D        | Killed a destroyer
    50 | D        | Noticed a large bag of meat
    50 | D        | Noticed a destroyer
    50 | D        | Annihilated by a large bag of meat

Skill      XL: |  1  2  3  4  5  6  7  8  9 10 11 12 13 14 15 16 17 18 19 20 21 |
---------------+----------------------------------------------------------------+-----
Fighting       | 13 16 20 27 | 27.0
Axes           | 23 26 27 | 27.0
Throwing       | 11 13 16 24 27 | 27.0
Dodging        | 21 25 27 | 27.0
Armour         | 2 9 17 27 | 27.0
Stealth        | 16 21 26 27 | 27.0
Unarmed Combat | 19 24 27 | 27.0
Spellcasting   | 13 17 21 27 | 27.0
Invocations    | 18 23 27 | 27.0

Action                   |  1- 3 |  4- 6 |  7- 9 | 10-12 | 13-15 | 16-18 | 19-21 | 22-24 | 25-27 || total
-------------------------+-------+-------+-------+-------+-------+-------+-------+-------+-------++-------
Melee: Executioner's axe |     1 |       |       |       |     4 |     7 |     7 |     7 |     2 ||    28
Dodge: Dodged            |     1 |       |       |       |     3 |       |       |     2 |       ||     6
